 Dungeon Crawl Stone Soup version 0.24-a0-434-gd57e52fea8 (webtiles) character file.

Game seed: 4611728898887949747

49 Anmu the Insei (level 3, 0/22 HPs)
             Began as a Vampire Chaos Knight on June 16, 2019.
             Was a Plaything of Xom.
             Slain by a kobold
             ... wielding a +2 short sword of distortion
              (4 damage)
             ... on level 2 of the Dungeon.
             The game lasted 00:03:28 (1182 turns).

Anmu the Insei (Vampire Chaos Knight)               Turns: 1182, Time: 00:03:29

Health: 0/22       AC:  5    Str: 11    XL:     3   Next: 53%
Magic:  3/3        EV: 18    Int: 19    God:    Xom [..*...]
Gold:   97         SH:  0    Dex: 19    Spells: 2/2 levels left

rFire    . . .     SeeInvis +     - Unarmed
rCold    + + .     Gourm    .   (no shield)
rNeg     + + +     Faith    .   a - +2 leather armour
rPois    ∞         Spirit   .   (no helmet)
rElec    .         Reflect  .   (no cloak)
rCorr    .         Harm     .   (no gloves)
MR       .....                  (no boots)
Stlth    +++++.....             (no amulet)
HPRegen  0.00/turn              d - +5 ring of intelligence
MPRegen  0.08/turn              (no ring)

@: agile, bloodless, regenerating quickly
A: no food, fangs 3, see invisible, unbreathing
a: Bat Form, Revivify, Renounce Religion


You were on level 2 of the Dungeon.
You worshipped Xom.
You were a toy of Xom.
You were bloodless.

You visited 1 branch of the dungeon, and saw 2 of its levels.

You collected 97 gold pieces.

Inventory:

Armour
 a - a +2 leather armour (worn)
Jewellery
 d - a +5 ring of intelligence (left hand)
Scrolls
 b - 2 scrolls of blinking {unknown}
 c - 4 scrolls of identify {unknown}
 e - a scroll of enchant armour {unknown}
 f - 3 scrolls of remove curse {unknown}
 g - 2 scrolls of fear {unknown}
Potions
 i - a potion of degeneration {unknown}


   Skills:
 + Level 2.9 Fighting
 + Level 1.1 Armour
 + Level 2.4 Dodging
 * Level 2.6 Stealth
 + Level 4.1 Unarmed Combat


You had 2 spell levels left.
You didn't know any spells.
Your spell library was empty.

Dungeon Overview and Level Annotations

Branches:
Dungeon (2/15)

Altars:


Innate Abilities, Weirdness & Mutations

You do not eat.
You do not regenerate when monsters are visible.
You are frail without blood (-20% HP).
You are immune to poison.
You have razor-sharp teeth.
You have supernaturally acute eyesight. (SInv)
You can survive without breathing.


Message History

A kobold is wielding a +2 short sword of distortion.
Found a hand axe. 3 kobolds come into view.
Found 14 gold pieces.
There is an open gate here.
The kobold shouts!
The kobold shouts! x4
The kobold misses you.
The kobold throws a stone.
The stone barely misses you.
There is an open gate here.
You hit the kobold.
The kobold is severely wounded.
The kobold hits you but does no damage. Space warps horribly around you!
Ouch! That really hurt!
* * * LOW HITPOINT WARNING * * *
You are too injured to fight recklessly!
You are too injured to fight recklessly!
It was a potion of agility.
You feel agile all of a sudden.
The kobold hits you with a +2 short sword of distortion.
You die...

##.......#.### #)#
########...######.#+#####
# #####.####...........#
####.....####.##........#
..##........#.####......#
...'........#...........#
#.##........#...#########
#.##........#....#
..##........####@#
####........# #K## ######
########## #KK## #.K....
##.K##.......
#.K'..K...$. #..K........
##('......#+ #.##...).#
### #....#


You could see 6 kobolds.

Vanquished Creatures
  An adder (D:2)
  A dart slug (D:1)
  A leopard gecko (D:1)
  A ball python (D:1)
  A giant cockroach (D:1)
  4 hobgoblins (D:1)
  7 jackals
  3 bats
  2 frilled lizards
  2 goblins
  4 kobolds
  9 rats
36 creatures vanquished.

Vanquished Creatures (others)
  7 toadstools (D:2)
7 creatures vanquished.

Grand Total: 43 creatures vanquished

Notes
Turn   | Place    | Note
-------+----------+-------------------------------------------
     0 | D:1      | Anmu the Vampire Chaos Knight began the quest for the Orb.
     0 | D:1      | Reached XP level 1. HP: 17/17 MP: 1/1
    49 | D:1      | XOM: harmless Chrm miscast
    67 | D:1      | XOM: divination: detect creatures
   161 | D:1      | XOM: harmless Hex miscast
   220 | D:1      | Reached skill level 1 in Stealth
   220 | D:1      | Reached XP level 2. HP: 18/18 MP: 2/2
   255 | D:1      | You fall into a shaft and drop 1 floor!
   444 | D:1      | Reached skill level 1 in Armour
   663 | D:1      | XOM: harmless Necr miscast
   691 | D:1      | Reached XP level 3. HP: 22/22 MP: 3/3
   891 | D:2      | Reached skill level 4 in Unarmed Combat
  1182 | D:2      | Slain by a kobold

Levels and vault maps discovered:
D:1:      lightli_arrival_statue_moat, layout_loops_ring, minmay_fountain_box
D:2:      cheibrodos_fertilizer, layout_basic

Skill      XL: |  1  2  3 |
---------------+----------+-----
Stealth        | 1 2 |  2.6
Armour         | 1 |  1.1
Unarmed Combat | 4 |  4.1
Fighting       | |  2.9
Dodging        | |  2.4

Action                   || total
-------------------------++-------
Melee: Unarmed           ||   131
       Bite              ||     8
       Punch             ||     1
 Abil: Exsanguinate      ||     1
  Use: Potion            ||     1
 Stab: Sleeping          ||    10
Armor: Leather armour    ||    46
Dodge: Dodged            ||    88

Table legend:
 A = Non-vault XP
 B = Vault XP
 C = Vault XP percentage of total XP
 D = Non-vault monster count
 E = Vault monster count
 F = Vault count percentage of total count
                 A         B        C        D         E       F
            +---------+---------+-------+---------+---------+-------
      Total |      71 |       0 |   0.0 |      36 |       0 |   0.0
            +---------+---------+-------+---------+---------+-------
        D:1 |      43 |       0 |   0.0 |      26 |       0 |   0.0
        D:2 |      28 |       0 |   0.0 |      10 |       0 |   0.0
            +---------+---------+-------+---------+---------+-------
